 Dungeon Crawl Stone Soup version 0.29-a0-334-gb41bcbb86e (webtiles) character file.

Game seed: 788320999799822981

158 Jortsu the Shield-Bearer (level 5, -1/53 HPs)
             Began as a Troll Fighter on Apr 15, 2022.
             Was a Believer of Fedhas.
             Slain by a kobold brigand
             ... wielding a +0 whip
              (6 damage)
             ... in a sewer.
             The game lasted 00:04:13 (2434 turns).

Jortsu the Shield-Bearer (Troll Fighter)            Turns: 2434, Time: 00:04:14

Health: -1/53      AC:  4    Str: 26    XL:     5   Next: 16%
Magic:  4/4        EV:  9    Int:  4    God:    Fedhas [**....]
Gold:   132        SH:  7    Dex:  9    Spells: 4/4 levels left

rFire   . . .      SeeInvis .   a - +0 flail
rCold   . . .      Faith    .   c - +0 kite shield
rNeg    . . .      Spirit   .   b - +0 robe
rPois   .          Reflect  .   (helmet restricted)
rElec   .          Harm     .   (no cloak)
rCorr   .          Rampage  .   (gloves unavailable)
Will    .....                   (boots unavailable)
Stlth   +.........              (no amulet)
HPRegen 0.97/turn               (no ring)
MPRegen 0.09/turn               (no ring)

@: no status effects
A: large, unfitting armour, claws 3, regeneration 1, shaggy fur 1, tough skin 1
a: Renounce Religion, Wall of Briars


You were in a sewer.
You worshipped Fedhas.
Fedhas was pleased with you.
You visited 1 branch of the dungeon, and saw 4 of its levels.
You also visited: Sewer.

You collected 132 gold pieces.

Inventory:

Hand Weapons
 a - a +0 flail (weapon)
Armour
 b - a +0 robe (worn)
 c - a +0 kite shield (worn)
Jewellery
 i - a ring of wizardry
 l - a +6 ring of intelligence
Scrolls
 k - 2 scrolls of teleportation
 m - a scroll of enchant weapon {unknown}
 o - a scroll of identify {unknown}
Potions
 d - a potion of might
 e - a potion of degeneration {unknown}
 f - 2 potions of heal wounds {unknown}
 g - 2 potions of brilliance {unknown}
 h - 2 potions of curing {unknown}
 j - 2 potions of berserk rage {unknown}
 n - 3 potions of mutation {unknown}
 p - a potion of resistance {unknown}


   Skills:
 + Level 3.0 Fighting
 + Level 3.0 Maces & Flails
 + Level 3.1 Dodging
 + Level 0.1 Stealth
 + Level 3.2 Shields


You had 4 spell levels left.
You didn't know any spells.
Your spell library contained the following spells:

 Spells                   Type           Power      Damage    Failure   Level
 Static Discharge         Conj/Air       0%         N/A       90%         2
 Fulminant Prism          Conj/Hex       0%         3d6       100%        4
 Iskenderun's Mystic Bla  Conj/Tloc      0%         2d3       100%        4
 Lee's Rapid Deconstruct  Erth           0%         3d5*      100%        5
 Lightning Bolt           Conj/Air       0%         1d11      100%        5
 Maxwell's Capacitive Co  Air            0%         ∞         100%        8


Dungeon Overview and Level Annotations

Branches:
Dungeon (4/15)              Sewer (1/1)
 Temple: D:4-7

Altars:
Fedhas


Innate Abilities, Weirdness & Mutations

You are too large for most types of armour.
You have claws for hands.
Your natural rate of healing is unusually fast.
You are covered in fur. (AC +1)
You have tough skin. (AC +1)


Message History

You block the kobold's attack.
You closely miss the kobold brigand.
The kobold brigand is lightly wounded.
The kobold barely misses you.
The kobold brigand hits you with a +0 whip.
You block the kobold's attack.
You hit the kobold brigand but do no damage.
The kobold brigand is lightly wounded.
The kobold closely misses you. You block the kobold brigand's attack.
You block the kobold's attack. The kobold completely misses you.
The kobold barely misses you.
The kobold brigand hits you with a +0 whip!
You sock the kobold brigand!
The kobold brigand is heavily wounded.
The kobold closely misses you.
The kobold brigand hits you with a +0 whip.
The kobold hits you with a +0 short sword.
* * * LOW HITPOINT WARNING * * *
You closely miss the kobold brigand.
The kobold brigand is heavily wounded.
The kobold hits you with a +2 short sword of protection.
* * * LOW HITPOINT WARNING * * *
The kobold brigand hits you with a +0 whip.
* * * LOW HITPOINT WARNING * * *
The kobold hits you with a +0 short sword.
* * * LOW HITPOINT WARNING * * *
You closely miss the kobold brigand.
The kobold brigand is heavily wounded.
The kobold hits you with a +2 short sword of protection.
* * * LOW HITPOINT WARNING * * *
The kobold brigand barely misses you.
The kobold hits you but does no damage. x2
The kobold hits you with a +0 short sword.
* * * LOW HITPOINT WARNING * * *
You block the kobold brigand's attack.
You barely miss the kobold brigand.
The kobold brigand is heavily wounded.
The kobold hits you but does no damage.
The kobold brigand hits you with a +0 whip.
You die...
Fedhas appreciates your contribution to the ecosystem.

#≈≈≈#.∩∩# #≈≈≈'...#
######≈≈≈######
#...!#≈≈≈#....#
#..∩.#≈≈≈#.∩..#
#..!.#≈≈≈#....#
?..!#≈≈≈#....#
###KK##≈≈≈##))##
###.K@..#≈≈≈#....#
#P......#≈≈≈#P...###
#.......#≈≈≈≈†≈....#
#.......#≈≈≈≈≈P...##
#......≈#≈≈≈#P≈...##
#.....≈≈#≈≈≈#≈≈....#
##.P..P≈≈#≈≈≈#......#
#......≈≈≈≈≈≈#......#
#......≈≈≈≈≈≈#......#


You could see a kobold brigand and 2 kobolds.

Vanquished Creatures
  A hound (D:3)
  3 adders
  3 worms (D:3)
  2 dart slugs
  4 orcs (D:3)
  8 ball pythons
  8 endoplasms
  8 giant cockroaches
  6 goblins
  5 hobgoblins
  9 kobolds
  4 quokkas
  10 bats
  5 frilled lizards
  3 rats
79 creatures vanquished.

Notes
Turn   | Place    | Note
-------+----------+-------------------------------------------
     0 | D:1      | Jortsu the Troll Fighter began the quest for the Orb.
     0 | D:1      | Reached XP level 1. HP: 22/22 MP: 0/0
    81 | D:1      | Reached XP level 2. HP: 29/29 MP: 1/1
   336 | D:1      | Reached XP level 3. HP: 36/36 MP: 2/2
   901 | D:2      | Found a faded altar of an unknown god.
   909 | D:2      | Prayed at the altar of an unknown god.
   909 | D:2      | Became a worshipper of Fedhas Madash
   909 | D:2      | Reached * piety under Fedhas
  1449 | D:3      | Reached XP level 4. HP: 44/44 MP: 3/3
  2193 | D:4      | Found a glowing drain.
  2201 | D:3      | Reached XP level 5. HP: 52/53 MP: 4/4
  2210 | D:4      | Reached ** piety under Fedhas
  2242 | Sewer    | Entered a sewer
  2434 | Sewer    | Slain by a kobold brigand

Illustrated notes

Levels and vault maps discovered:
D:1:      dpeg_arrival_radiant, layout_basic
D:2:      layout_basic, hellmonk_ecumenical_altar_arch_garden
D:3:      layout_basic, glass_columns_b
D:4:      layout_cave_pods, gammafunk_ghost_cemetery, portal_sewer_entry_f
Sewer:    kennysheep_pipe_town

Skill      XL: |  1  2  3  4  5 |
---------------+----------------+-----
Maces & Flails | 2 3 |  3.0
Shields        | 3 |  3.2
Fighting       | 3 |  3.0
Dodging        | 3 |  3.1
Stealth        | |  0.1

Action                   |  1- 3 |  4- 6 || total
-------------------------+-------+-------++-------
Melee: Flail             |   105 |   146 ||   251
  Use: Scroll            |     2 |     2 ||     4
 Stab: Sleeping          |     1 |       ||     1
Armor: Robe              |    52 |    53 ||   105
Dodge: Dodged            |    52 |    89 ||   141
Block: Kite shield       |    47 |    76 ||   123

Table legend: (Time is in decaauts)
 A = Elapsed time spent in this place.
 B = Non-inter-level travel time spent in this place.
 C = Inter-level travel time spent in this place.
 D = Time resting spent in this place.
 E = Time spent auto-exploring this place.
 F = Levels seen in this place.
 G = Mean time per level.
                   A        B        C        D        E       F      G
               +--------+--------+--------+--------+--------+-----+--------+
         Total |   2555 |   2488 |     67 |      0 |   1685 |   5 |  511.0 |
       Dungeon |   2326 |   2259 |     67 |      0 |   1600 |   4 |  581.5 |
         Sewer |    229 |    229 |      0 |      0 |     85 |   1 |  229.0 |
               +--------+--------+--------+--------+--------+-----+--------+

Top non-repeatable levels by time:
     D:1: 866 daAuts
     D:3: 815 daAuts
     D:2: 597 daAuts
   Sewer: 229 daAuts
     D:4: 47 daAuts
